 Dungeon Crawl Stone Soup version 0.30-a0-824-g6c64550be9 (webtiles) character file.

Game seed: 6590951971626130488

34 qeuew the Trooper (level 3, -1/29 HPs)
             Began as a Demonspawn Monk on Feb 27, 2023.
             Slain by Terence
             ... wielding a +0 flail
              (12 damage)
             ... on level 2 of the Dungeon.
             The game lasted 00:00:58 (880 turns).

qeuew the Trooper (Demonspawn Monk)                  Turns: 880, Time: 00:00:58

Health: -1/29      AC:  2    Str: 13    XL:     3   Next: 14%
Magic:  3/3        EV: 13    Int: 11    God:
Gold:   45         SH:  0    Dex: 15    Spells: 2/2 levels left

rFire   . . .      SeeInvis .    a - +0 mace
rCold   . . .      Faith    .    (no shield)
rNeg    . . .      Spirit   .    b - +0 robe
rPois   .          Reflect  .    (no helmet)
rElec   .          Harm     .    (no cloak)
rCorr   .          Rampage  .    (no gloves)
Will    .....                    (no boots)
Stlth   ++                       (no amulet)
HPRegen 0.24/turn                (no ring)
MPRegen 0.08/turn                (no ring)

@: brilliant
A: weakness stinger 1
a: no special abilities


You were on level 2 of the Dungeon.
You visited 1 branch of the dungeon, and saw 2 of its levels.

You collected 45 gold pieces.

Inventory:

Hand Weapons
 a - a +0 mace (weapon)
Armour
 b - a +0 robe (worn)
Scrolls
 f - a scroll of amnesia
 g - 3 scrolls of teleportation
Potions
 c - a potion of ambrosia
 d - 2 potions of haste
 i - a potion of brilliance


   Skills:
 + Level 3.3 Fighting
 + Level 3.0 Maces & Flails
 + Level 1.0 Armour
 + Level 3.0 Dodging
 - Level 1.7 Stealth


You had 2 spell levels left.
You didn't know any spells.
Your spell library was empty.

Dungeon Overview and Level Annotations

Branches:
Dungeon (2/15)

Altars:

Annotations:
D:2 Jessica, Terence


Innate Abilities, Weirdness & Mutations

You have a small tail.


Message History

You kill the jackal!
You hit the hobgoblin.
The hobgoblin is heavily wounded.
The hobgoblin hits you. The jackal misses you.
You hit the hobgoblin.
You kill the hobgoblin!
The jackal barely misses you. The jackal misses you.
You completely miss the jackal. The jackal bites you.
You are too injured to fight recklessly!
You are too injured to fight recklessly!
You are too injured to fight recklessly!
You are too injured to fight recklessly!
You are too injured to fight recklessly!
You are too injured to fight recklessly!
You are too injured to fight recklessly!
You are too injured to fight recklessly!
You are too injured to fight recklessly!
You are too injured to fight recklessly!
You are too injured to fight recklessly!
You are too injured to fight recklessly!
You are too injured to fight recklessly!
You are too injured to fight recklessly!
You are too injured to fight recklessly!
You are too injured to fight recklessly!
You are too injured to fight recklessly!
You are too injured to fight recklessly!
You are too injured to fight recklessly!
You hit the jackal.
Your tail-slap misses the jackal.
The jackal is moderately wounded.
The jackal bites you. The jackal misses you.
Jessica the Apprentice Sorceress comes into view.
She is wielding a +0 club.
Jessica shouts!
You hit the jackal.
You kill the jackal!
Terence screams, "I want your blood!"
Jessica shouts, "You're disturbing me!
I'll have to kill you!"
You closely miss Terence.
Jessica gestures wildly while chanting.
Jessica blinks!
Terence hits you with a +0 flail!
You die...

#....#
#....#
#....#
#....#
#....# #
#....# #.
#.<..#
###..##....#
#....†@#+###
#.#.##@#


wgg ..##. ... .# .##. # .. #§ ## #. You could see Terence (strong), a dart slug,
a hobgoblin and a goblin.

Vanquished Creatures
  2 giant cockroaches (D:1)
  3 goblins (D:1)
  4 hobgoblins
  10 jackals
  A quokka (D:1)
  A ball python (D:1)
  A bat (D:1)
  4 kobolds (D:1)
  2 rats (D:1)
28 creatures vanquished.

Notes
Turn   | Place    | Note
-------+----------+-------------------------------------------
     0 | D:1      | qeuew the Demonspawn Monk began the quest for the Orb.
     0 | D:1      | Reached XP level 1. HP: 18/18 MP: 1/1
   285 | D:1      | Gained mutation: You have a small tail. [demonic ancestry]
   285 | D:1      | Reached XP level 2. HP: 12/24 MP: 2/2
   530 | D:1      | Reached skill level 1 in Armour
   646 | D:1      | Reached XP level 3. HP: 20/29 MP: 3/3
   860 | D:2      | Noticed Terence
   878 | D:2      | Noticed Jessica
   880 | D:2      | Slain by Terence

Illustrated notes

Levels and vault maps discovered:
D:1:      roderic_chinese_lattice_arrival, layout_loops_cross
D:2:      layout_basic, uniq_jessica, uniq_crazy_yiuf_cottage, uniq_terence

Skill      XL: |  1  2 |
---------------+-------+-----
Maces & Flails | 3 |  3.0
Dodging        | 3 |  3.0
Armour         | 1 |  1.0
Fighting       | |  3.3
Stealth        | |  1.7

Action                     || total
---------------------------++-------
  Melee: Mace              ||    85
         Tailslap          ||    10
    Use: Scroll            ||     4
         Potion            ||     3
   Stab: Sleeping          ||     4
 Armour: Robe              ||    20
  Dodge: Dodged            ||    69

Table legend: (Time is in decaauts)
 A = Elapsed time spent in this place.
 B = Non-inter-level travel time spent in this place.
 C = Inter-level travel time spent in this place.
 D = Time resting spent in this place.
 E = Time spent auto-exploring this place.
 F = Levels seen in this place.
 G = Mean time per level.
                   A        B        C        D        E       F      G
               +--------+--------+--------+--------+--------+-----+--------+
         Total |    900 |    892 |      8 |     14 |    682 |   2 |  450.0 |
       Dungeon |    900 |    892 |      8 |     14 |    682 |   2 |  450.0 |
               +--------+--------+--------+--------+--------+-----+--------+

Top non-repeatable levels by time:
     D:1: 873 daAuts
     D:2: 27 daAuts
